AoeStats
← LmScar12

Arabia

510002636Analyzed
1v1 RM · 3d ago on Sep 29, 2026· 32m 11s· 2 players
Game mode
Random Map
Map size
Tiny (2 player)
Population
200
Speed
Normal
Resources
Standard
Victory
Conquest
Starting age
Dark Age
Ending age
Imperial Age
RankedLock teamsTeams togetherTeam positionsShared explorationLock speedFull tech treeHidden civsTurbo modeCheats
Victory
Defeat
🇦🇷 Shu · Argentina
1560
+21
🇺🇸 Armenians · United States
1664
-21
LVH.TGGO
7:12 Loom
10:32 Feudal Age
11:32 Double-Bit Axe
14:46 Fletching
21:13 Castle Age
20:58 Padded Archer Armor
21:23 Gold Mining
21:49 Bodkin Arrow
21:26 Crossbowman
25:56 Bow Saw
32:07 Imperial Age
32:34 Thumb Ring
32:46 Leather Archer Armor
LmScar12
7:02 Loom
9:14 Feudal Age
9:22 Man-at-Arms
11:42 Horse Collar
14:23 Double-Bit Axe
16:19 Padded Archer Armor
16:56 Fletching
23:00 Castle Age
21:32 Scale Mail Armor
21:40 Stone Mining
23:16 Elite Skirmisher
23:53 Bodkin Arrow
25:13 Guard Tower
28:04 Long Swordsman
29:33 Gold Mining
29:56 Bow Saw
29:53 Heavy Plow
Connection lost

Rejoining the realm…

Still unreachable

The connection could not be restored.

Session expired

The server has moved on; the page needs a fresh start.